 Dungeon Crawl Stone Soup version 0.31-a0-426-g3a05650e59 (webtiles) character file.

Game seed: 5336138366936643640

45815 CraigForest the Severer (level 14, -2/111 HPs)
             Began as a Formicid Fighter on July 30, 2023.
             Was an Elder of Elyvilon.
             Slain by a flayed ghost (15 damage)
             ... on level 14 of the Dungeon.
             The game lasted 01:13:48 (15272 turns).

CraigForest the Severer (Formicid Fighter)         Turns: 15272, Time: 01:13:49

Health: -2/111     AC: 17    Str: 29    XL:     14   Next: 73%
Magic:  18/18      EV:  9    Int:  8    God:    Elyvilon [****..]
Gold:   1063       SH: 24    Dex: 13    Spells: 13/13 levels left

rFire   x . .        K - +4 executioner's axe (freeze)
rCold   + + .        v - +2 kite shield {reflect}
rNeg    + . .        T - +0 ice dragon scales
rPois   +            (helmet unavailable)
rElec   +            t - +0 cloak
rCorr   +            h - +2 pair of gloves {Str+3}
SInv    +            (no boots)
Will    ++...        A - amulet "Mankyati" {Reflect rElec rPois Will+ rCorr SH+5} Stlth
                     b - ring of positive energy
HPRegen 0.38/turn    j - ring of flight
MPRegen 0.16/turn

%: reflection, clarity
@: flayed, flying
A: permanent stasis, dig shafts and tunnels, antennae 3, four strong arms, large
bone plates 1, clarity, deterioration 1
a: Dig, Shaft Self, Renounce Religion, Purification, Heal Other, Heal Self


You were on level 14 of the Dungeon.
You worshipped Elyvilon.
Elyvilon was greatly pleased with you.
You visited 2 branches of the dungeon, and saw 15 of its levels.
You also visited: Ice Cave.

You collected 1063 gold pieces.

Inventory:

Hand Weapons
 E - a +4 hand axe
 K - a +4 executioner's axe of freezing (weapon)
 S - a +0 heavy battleaxe
 X - a +2 short sword of flaming
Missiles
 e - 4 throwing nets
 l - 38 poisoned darts (quivered)
 p - 2 atropa-tipped darts
 R - 5 boomerangs
Armour
 h - a +2 pair of gloves of strength (worn)
 r - a +0 crystal plate armour
 t - a +0 cloak (worn)
 v - a +2 kite shield of reflection (worn)
 J - a +2 leather armour of poison resistance
 P - a +0 troll leather armour
 T - +0 ice dragon scales (worn)
Magical Staves
 f - a staff of cold
 O - a staff of air
 W - a staff of conjuration
Jewellery
 b - a ring of positive energy (left hand)
 g - a ring of wizardry
 j - a ring of flight (right hand)
 m - an amulet of the acrobat
 A - the amulet "Mankyati" (around neck) {Reflect rElec rPois Will+ rCorr SH+5}
   (You acquired it on level 5 of the Dungeon)

   [amulet of reflection]

   It reflects blocked missile attacks.
   rElec:     It insulates you from electricity.
   rPois:     It protects you from poison.
   rCorr:     It protects you from acid and corrosion.
   SH:        It affects your SH (+5).
   Will:      It increases your willpower.
 G - an amulet of regeneration
Talismans
 u - a blade talisman
 y - a beast talisman
Wands
 c - a wand of flame (2)
 F - a wand of iceblast (15)
 H - a wand of paralysis (11)
 L - a wand of mindburst (38)
 N - a wand of digging (6)
Scrolls
 o - a scroll of poison
 w - 4 scrolls of fog
 C - 4 scrolls of amnesia
 U - a scroll of fear
Potions
 d - 2 potions of might
 i - a potion of heal wounds
 k - 5 potions of brilliance
 n - a potion of mutation
 q - 3 potions of enlightenment
 s - 5 potions of curing
 x - 4 potions of attraction
 z - 2 potions of lignification
 B - a potion of magic
 M - a potion of resistance {unknown}
Miscellaneous
 V - a phial of floods


   Skills:
 + Level 10.7 Fighting
 * Level 17.6 Axes
 - Level 10.0 Armour
 - Level 0.3 Dodging
 - Level 14.3 Shields
 * Level 5.9 Invocations


You had 13 spell levels left.
You didn't know any spells.
Your spell library contained the following spells:

 Spells                   Type           Power      Damage    Failure   Level
 Sting                    Tmut/Pois      0%         1d3       78%         1
 Ensorcelled Hibernation  Hex/Ice        0%         N/A       89%         2
 Passwall                 Tmut/Erth      0%         N/A       89%         2
 Poisonous Vapours        Pois/Air       0%         N/A       89%         2
 Dazzling Flash           Conj/Hex       0%         N/A       98%         3
 Inner Flame              Hex/Fire       0%         N/A       98%         3
 Ozocubu's Armour         Ice            0%         N/A       98%         3
 Volatile Blastmotes      Fire/Tloc      0%         2d10      98%         3
 Anguish                  Hex/Necr       0%         N/A       100%        4
 Flame Wave               Conj/Fire      0%         2d4       100%        4
 Olgreb's Toxic Radiance  Pois           0%         N/A       100%        4
 Sticky Flame             Conj/Fire      0%         2d3       100%        4
 Agony                    Necr           0%         N/A       100%        5
 Silence                  Hex/Air        0%         N/A       100%        5
 Conjure Ball Lightning   Conj/Air       0%         3x3d6     100%        6
 Starburst                Conj/Fire      0%         6d3       100%        6
 Ozocubu's Refrigeration  Ice            0%         4d7       100%        7
 Discord                  Hex            0%         N/A       100%        8
 Disjunction              Tloc           0%         N/A       100%        8
 Maxwell's Capacitive Co  Air            0%         ∞         100%        8
 Swiftness                Air            Unusable   N/A       N/A         3

Dungeon Overview and Level Annotations

Branches:
Dungeon (14/15)            Temple (1/1) D:5            Lair (0/5) D:9
    Orc (0/2) D:11          IceCv (visited)
 Vaults: D:13-14

Altars:
Ashenzari
Cheibriados
Dithmenos
Elyvilon
Fedhas
Gozag
Hepliaklqana
Kikubaaqudgha
Makhleb
Nemelex Xobeh
Okawaru
Qazlal
Ru
Sif Muna
Trog
Uskayaw
Vehumet
Wu Jian
Xom
Yredelemnul
Zin
The Shining One

Shops:
D:7 *   D:13 (

Portals:
Trove: D:12 (give 3 potions of resistance)


Innate Abilities, Weirdness & Mutations

You cannot be hasted, slowed, berserked, paralysed or teleported.
You can dig through walls and to a lower floor.
You have a pair of large antennae on your head. (SInv)
Your four strong arms can wield two-handed weapons with a shield.
You are partially covered in large bone plates. (SH +4)
You possess an exceptional clarity of mind.
Your body sometimes deteriorates upon taking damage.


Message History

You slice the slime creature!! You freeze the slime creature.
You kill the slime creature!
The deep elf pyromancer casts a spell.
The deep elf pyromancer blinks!
You closely miss the centaur warrior.
The centaur warrior is moderately wounded.
The centaur warrior unwields a +0 orcbow.
You block the centaur warrior's attack. The centaur warrior barely misses you.
You barely miss the flayed ghost. You slash the centaur warrior!
You freeze the centaur warrior. You block the centaur warrior's attack.
The centaur warrior kicks you but does no damage.
The centaur warrior hits you. The centaur warrior barely misses you.
The flayed ghost cries, "Suffer as I suffered!"
Terrible wounds spread across more of your body!
You barely miss the deep elf pyromancer.
The deep elf pyromancer is lightly wounded.
You slash the flayed ghost! You freeze the flayed ghost.
You closely miss the centaur warrior.
You block the centaur warrior's attack. x2
You block the flayed ghost's attack.
The deep elf pyromancer hits you with a +0 long sword!
* * * LOW HITPOINT WARNING * * *
You block the centaur warrior's attack. The centaur warrior kicks you.
* * * LOW HITPOINT WARNING * * *
You slash the deep elf pyromancer! You freeze the deep elf pyromancer.
The deep elf pyromancer is heavily wounded.
You miss the flayed ghost. You hit the centaur warrior.
You freeze the centaur warrior.
You block the centaur warrior's attack. x2
The flayed ghost hits you!!
* * * LOW HITPOINT WARNING * * *
You block the deep elf pyromancer's attack.
You slice the centaur warrior!! You freeze the centaur warrior!
You kill the centaur warrior!
You closely miss the flayed ghost. You slash the deep elf pyromancer!
You freeze the deep elf pyromancer. You block the flayed ghost's attack.
You block the deep elf pyromancer's attack.
You miss the deep elf pyromancer.
The deep elf pyromancer is almost dead.
You hit the flayed ghost. You freeze the flayed ghost.
The flayed ghost hits you!
You die...

#.....###.................
#.......................##
####......................
#...(...#+########.......
#....#### .####.. #....#######
## .. #...........
#.....#########################
#.....#......W@e..#.#(#)#......
#.....#...##:)#...#.#.#.#...#.#
###.#.## #:=##....#.#.#..##.#.
#....# #:# ##.#.#.#.#.#.....
####.##.:) #.#..#.#.####.).
#..#.$ #.#..#.#..).).†# ##.## {
#.#...#..######. #..#
#.#.#.#.#....... ##.#
#.#.#..########.


You could see a flayed ghost and a deep elf pyromancer.

Vanquished Creatures
  A frost giant (IceCv)
  A fire dragon (D:14)
  Harold (D:11)
  A hydra (D:14)
  2 catoblepae (D:14)
  A centaur warrior (D:14)
  A boulder beetle (D:14)
  3 two-headed ogres
  5 death yaks (IceCv)
  2 tengu warriors (D:13)
  2 deep elf knights (D:13)
  2 deep elf archers (D:13)
  A wizard (D:14)
  4 deep elf zephyrmancers (D:13)
  10 deep elf pyromancers (D:13)
  4 cyclopes
  4 manticores
  3 ugly things (D:14)
  An elephant (D:8)
  3 slime creatures
  A black mamba (shapeshifter) (D:14)
  The ghost of Pooter the Shooter, a novice MiHu (D:7)
  2 gargoyles
  2 komodo dragons
  2 unseen horrors
  A yaktaur (D:13)
  A guardian mummy (D:12)
  A meliai (D:14)
  4 trolls
  11 polar bears (IceCv)
  A hornet (shapeshifter) (D:13)
  Prince Ribbit (D:5)
  A hornet (D:10)
  42 yaks
  A wyvern (D:8)
  2 shadows
  A vampire (D:12)
  2 wraiths
  Eustachio (D:6)
  A human (shapeshifter) (D:14)
  3 basilisks
  A hog (D:13)
  3 steam dragons
  5 vampire mosquitoes
  2 acid dragons
  6 orc warriors (D:11)
  An ice beast (D:5)
  2 sky beasts
  2 ogres
  6 black bears
  19 wolves (IceCv)
  4 centaurs
  3 phantoms
  3 kobold brigands
  A gnoll sergeant (D:6)
  3 bullfrogs
  3 scorpions (D:4)
  5 wights (D:10)
  4 killer bees (D:8)
  2 howler monkeys (D:8)
  2 hounds (D:5)
  A jelly (D:4)
  5 orc priests
  2 gnoll boudas
  Jessica (D:2)
  3 iguanas
  2 sleepcaps (D:4)
  8 orc wizards
  14 gnolls
  7 adders
  2 shadow imps
  A white imp (D:5)
  2 ufetubi (D:5)
  3 worms
  2 dart slugs
  35 orcs
  7 endoplasms
  2 giant cockroaches (D:2)
  5 goblins
  13 hobgoblins
  26 kobolds
  6 quokkas
  10 ball pythons
  2 bats
  A frilled lizard (D:3)
  14 rats
385 creatures vanquished.

Vanquished Creatures (others)
  Kirke (D:13)
  An ogre mage (D:14)
  4 humans (D:13)
6 creatures vanquished.

Grand Total: 391 creatures vanquished

Notes
Turn   | Place    | Note
-------+----------+-------------------------------------------
     0 | D:1      | CraigForest the Formicid Fighter began the quest for the
                  | Orb.
     0 | D:1      | Reached XP level 1. HP: 18/18 MP: 1/1
   147 | D:1      | Reached XP level 2. HP: 24/24 MP: 2/2
   314 | D:1      | Reached XP level 3. HP: 29/29 MP: 3/3
  1031 | D:2      | Reached skill level 3 in Axes
  1237 | D:2      | Reached XP level 4. HP: 31/35 MP: 4/4
  1638 | D:2      | Reached XP level 5. HP: 23/42 MP: 5/5
  1833 | D:2      | Noticed Jessica
  1838 | D:2      | Killed Jessica
  2298 | D:2      | Reached skill level 4 in Axes
  2723 | D:3      | Found a faded altar of an unknown god.
  2731 | D:3      | Prayed at the altar of an unknown god.
  2731 | D:3      | Became a worshipper of Elyvilon the Healer
  2731 | D:3      | Reached * piety under Elyvilon
  3345 | D:4      | Reached XP level 6. HP: 11/48 MP: 6/6
  3545 | D:4      | Noticed a sky beast
  3554 | D:4      | Killed a sky beast
  3555 | D:4      | Reached skill level 5 in Armour
  3555 | D:4      | Reached skill level 5 in Shields
  3555 | D:4      | Reached XP level 7. HP: 46/54 MP: 7/7
  3627 | D:4      | Reached ** piety under Elyvilon
  3691 | D:4      | Reached skill level 5 in Axes
  4331 | D:5      | Entered Level 5 of the Dungeon
  4459 | D:5      | Identified a scroll of acquirement
  4459 | D:5      | Acquired the amulet "Mankyati" {Reflect rElec rPois Will+
                  | rCorr SH+5}
  4557 | D:5      | Reached XP level 8. HP: 58/61 MP: 8/8
  4567 | D:5      | Reached skill level 6 in Axes
  4681 | D:5      | Found a radiant altar of Vehumet.
  4720 | D:5      | Reached *** piety under Elyvilon
  4762 | D:5      | Noticed Prince Ribbit
  4776 | D:5      | Killed Prince Ribbit
  4777 | D:5      | Reached skill level 5 in Fighting
  4891 | D:5      | Reached skill level 7 in Axes
  4920 | D:5      | Found a staircase to the Ecumenical Temple.
  4925 | Temple   | Entered the Ecumenical Temple
  5399 | D:5      | Reached skill level 1 in Invocations
  5462 | D:6      | Reached XP level 9. HP: 68/68 MP: 10/10
  5657 | D:6      | Reached skill level 8 in Axes
  5812 | D:6      | Reached **** piety under Elyvilon
  6198 | D:6      | Noticed Eustachio
  6226 | D:6      | Killed Eustachio
  6239 | D:6      | Found a burning altar of Makhleb.
  6243 | D:6      | Found an opulent altar of Gozag.
  6248 | D:6      | Found a bloodstained altar of Trog.
  6253 | D:6      | Found an ornate altar of the Wu Jian Council.
  6639 | D:6      | Found an iron altar of Okawaru.
  6640 | D:6      | Found a stormy altar of Qazlal.
  6642 | D:6      | Found an ancient bone altar of Kikubaaqudgha.
  6809 | D:7      | Found a runed translucent door.
  6809 | D:7      | Noticed Pooter's ghost (novice MiHu)
  6820 | D:7      | Killed Pooter's ghost
  6849 | D:7      | Reached XP level 10. HP: 76/76 MP: 12/12
  6859 | D:7      | Found a broken altar of Ashenzari.
  7037 | D:7      | Reached skill level 9 in Axes
  7085 | D:7      | Reached ***** piety under Elyvilon
  7180 | D:7      | Found Ucaefucy's Blasphemy Boutique.
  7677 | D:8      | Identified the +4 orcbow of Anguish {drain, rF++ Str-3
                  | Dex+3 Stlth+}
  7729 | D:8      | Found a hazy altar of Hepliaklqana.
  7995 | D:9      | Noticed an elephant
  8014 | D:8      | Reached skill level 10 in Axes
  8014 | D:8      | Reached skill level 10 in Shields
  8169 | D:8      | Killed an elephant
  8253 | D:9      | Reached XP level 11. HP: 84/84 MP: 13/13
  8262 | D:9      | Found a staircase to the Lair.
  8693 | D:10     | Entered Level 10 of the Dungeon
  8781 | D:10     | Reached skill level 11 in Axes
  9312 | D:11     | Found a staircase to the Orcish Mines.
  9807 | D:11     | Noticed Harold
  9820 | D:11     | Killed Harold
  9849 | D:11     | Found a frozen archway.
  9856 | IceCv    | Entered an ice cave
  9881 | IceCv    | Reached XP level 12. HP: 71/94 MP: 14/14
  9886 | IceCv    | Reached skill level 12 in Axes
  9928 | IceCv    | Noticed a death yak
  9928 | IceCv    | Noticed a death yak
  9952 | IceCv    | Killed a death yak
  9959 | IceCv    | Killed a death yak
 10090 | IceCv    | Reached ****** piety under Elyvilon
 10412 | IceCv    | Reached skill level 13 in Axes
 10550 | IceCv    | Noticed a death yak
 10551 | IceCv    | Noticed a death yak
 10556 | IceCv    | Noticed a death yak
 10563 | IceCv    | Killed a death yak
 10804 | IceCv    | Killed a death yak
 10806 | IceCv    | Killed a death yak
 10807 | IceCv    | Reached XP level 13. HP: 90/101 MP: 15/15
 10807 | IceCv    | Noticed a frost giant
 10816 | IceCv    | HP: 1/101 [frost giant/bolt of cold (34)]
 10817 | IceCv    | Elyvilon protects you from harm!
 10818 | IceCv    | Killed a frost giant
 10819 | IceCv    | Reached skill level 14 in Axes
 11135 | IceCv    | Gained mutation: You are frail. (-10% HP) [potion of
                  | mutation]
 11135 | IceCv    | Gained mutation: You have sharp toenails. [potion of
                  | mutation]
 11135 | IceCv    | Gained mutation: Your body sometimes deteriorates upon
                  | taking damage. [potion of mutation]
 11135 | IceCv    | Gained mutation: Your mind is acute. (Int +4, Str/Dex -1)
                  | [potion of mutation]
 11136 | IceCv    | Lost mutation: You are frail. (-10% HP) [potion of
                  | mutation]
 11136 | IceCv    | Lost mutation: You have sharp toenails. [potion of
                  | mutation]
 11136 | IceCv    | Gained mutation: You are strong-willed. (Will+) [potion of
                  | mutation]
 11136 | IceCv    | Gained mutation: You possess an exceptional clarity of
                  | mind. [potion of mutation]
 11137 | IceCv    | Lost mutation: You are strong-willed. (Will+) [potion of
                  | mutation]
 11137 | IceCv    | Lost mutation: Your mind is acute. (Int +4, Str/Dex -1)
                  | [potion of mutation]
 11137 | IceCv    | Gained mutation: You are partially covered in large bone
                  | plates. (SH +4) [potion of mutation]
 12413 | D:12     | Reached skill level 15 in Axes
 12544 | D:12     | Found a portal to a secret trove of treasure.
 13100 | D:13     | Found Boidonteise's Antique Weapon Shoppe.
 13293 | D:13     | Noticed Kirke
 13322 | D:13     | HP: 1/103 [deep elf knight/shard of ice (19)]
 13323 | D:13     | Killed Kirke
 13323 | D:13     | Elyvilon protects you from harm!
 13324 | D:13     | You are sucked into a shaft and drop 1 floor!
 13546 | D:13     | Reached skill level 10 in Fighting
 13839 | D:13     | Elyvilon protects you from harm!
 13840 | D:13     | Reached skill level 16 in Axes
 13841 | D:13     | Reached XP level 14. HP: 47/110 MP: 17/17
 14770 | D:14     | Reached skill level 5 in Invocations
 14786 | D:14     | Reached skill level 10 in Armour
 14931 | D:14     | Reached skill level 17 in Axes
 15272 | D:14     | Slain by a flayed ghost

Illustrated notes

Levels and vault maps discovered:
D:1:      dpeg_arrival_yet_another_circle, layout_basic, st_stairs_2,
          minmay_rat_gold_closets
D:2:      layout_basic, kennysheep_donut, serial_bayou_lake_a, uniq_jessica
D:3:      layout_basic, chequers_ecumenical_altar_simple
D:4:      layout_rooms
D:5:      layout_loops_ring, overflow_temple_1_default,
          minmay_temple_entry_glassed_door, serial_bayou, serial_bayou_crossing,
          serial_bayou_pond_b, serial_bayou_shore_a, serial_bayou_lagoon_b,
          serial_bayou_pond_a, serial_bayou_pond_b, uniq_prince_ribbit1
D:6:      layout_layer_cave, grunt_temple_overflow_cloverleaf, minitemple,
          nrook_campfire, grunt_decor_one_mirror, uniq_eustachio
D:7:      layout_basic, cheibrodos_ashenzari_chains, gammafunk_ghost_grave,
          nicolae_evil_shop
D:8:      layout_basic, worldfamousw_hep_ancestral_shrine,
          dreamdust_princess_corridor, minmay_misc_feat_ornament
D:9:      layout_cave_pools, david_lair_generic
D:10:     layout_rooms
D:11:     layout_gridville, david_orc_5, portal_ice_cave_entry_pillars_2,
          serial_park_tiny_1, uniq_harold
D:12:     layout_loops_ring, nicolae_trove_entry_path_of_doom,
          minmay_stone_trees_medium, nzn_life_drinkers
D:13:     minmay_elf_outpost, layout_rooms, serial_shops, kennysheep_mini_moat,
          uniq_kirke
D:14:     minmay_the_grid_triangle_9x9_line_8_mashed
          [minmay_the_grid_triangle_9x9_limited_checkers,
          minmay_the_grid_triangle_9x9_minimal,
          minmay_the_grid_triangle_9x9_intruding_spiral,
          minmay_the_grid_triangle_9x9_zippers_horizontal,
          minmay_the_grid_triangle_9x9_impossible_snake,
          minmay_the_grid_triangle_9x9_stretched_checkered,
          minmay_the_grid_triangle_9x9_from_above,
          minmay_the_grid_triangle_9x9_prize_schism], layout_basic,
          hellmonk_vaults_attempted_burglary
Temple:   nicolae_temple_slightly_damp_pantheon

Skill      XL: |  1  2  3  4  5  6  7  8  9 10 11 12 13 14 |
---------------+-------------------------------------------+-----
Axes           | 3 4 5 7 8 10 11 13 16 17 | 17.6
Armour         | 4 5 6 8 9 10 | 10.0
Fighting       | 4 5 6 7 8 9 10 | 10.7
Shields        | 5 7 8 10 12 13 14 | 14.3
Invocations    | 1 3 4 5 |  5.9
Dodging        | |  0.3

Action                     |  1- 3 |  4- 6 |  7- 9 | 10-12 | 13-15 || total
---------------------------+-------+-------+-------+-------+-------++-------
  Melee: War axe           |   112 |   131 |   201 |   274 |       ||   718
         Battleaxe         |       |       |       |   145 |    12 ||   157
         Executioner's axe |       |       |       |       |   264 ||   264
         Unarmed           |       |       |       |       |     2 ||     2
  Throw: Dart              |       |       |     4 |       |     4 ||     8
 Invoke: Heal Self         |       |       |       |       |    14 ||    14
Ability: Shaft Self        |       |       |       |       |     1 ||     1
    Use: Scroll            |     1 |     9 |     6 |     7 |     5 ||    28
         Potion            |       |     1 |       |     1 |     5 ||     7
   Stab: Distracted        |       |       |       |       |     1 ||     1
 Armour: Scale mail        |    38 |    40 |       |       |       ||    78
         Crystal plate arm |       |    46 |   135 |   334 |     2 ||   517
         Ice dragon scales |       |       |       |       |    55 ||    55
  Dodge: Dodged            |    44 |    47 |    30 |    92 |    56 ||   269
  Block: Buckler           |    19 |    18 |       |       |       ||    37
         Kite shield       |       |    40 |   187 |   579 |   311 ||  1117
         Reflection        |       |       |       |    21 |    22 ||    43
         Other             |       |       |       |       |     4 ||     4

Table legend: (Time is in decaauts)
 A = Elapsed time spent in this place.
 B = Non-inter-level travel time spent in this place.
 C = Inter-level travel time spent in this place.
 D = Time resting spent in this place.
 E = Time spent auto-exploring this place.
 F = Levels seen in this place.
 G = Mean time per level.
                   A        B        C        D        E       F      G
               +--------+--------+--------+--------+--------+-----+--------+
         Total |  15804 |  13477 |   2327 |      0 |  10087 |  16 |  987.8 |
       Dungeon |  14328 |  12001 |   2327 |      0 |   9166 |  14 | 1023.4 |
        Temple |      1 |      1 |      0 |      0 |      0 |   1 |    1.0 |
      Ice Cave |   1474 |   1474 |      0 |      0 |    921 |   1 | 1474.0 |
               +--------+--------+--------+--------+--------+-----+--------+

Top non-repeatable levels by time:
    D:13: 1563 daAuts
     D:2: 1551 daAuts
   IceCv: 1474 daAuts
     D:6: 1427 daAuts
    D:11: 1355 daAuts
     D:5: 1157 daAuts
     D:3: 1070 daAuts
     D:8: 997 daAuts
     D:1: 956 daAuts
     D:4: 931 daAuts
    D:12: 922 daAuts
    D:10: 791 daAuts
    D:14: 632 daAuts
     D:7: 486 daAuts
     D:9: 485 daAuts
